 Dungeon Crawl Stone Soup version 0.29.1-4-g47bece8355 (webtiles) character file.

Game seed: 897698037578726522

77 jiml777 the Trooper (level 4, -6/37 HPs)
             Began as a Demonspawn Chaos Knight on Dec 1, 2022.
             Was a Plaything of Xom.
             Mangled by a human (shapeshifter) (7 damage)
             ... on level 3 of the Dungeon.
             The game lasted 00:11:21 (2065 turns).

jiml777 the Trooper (Demonspawn Chaos Knight)       Turns: 2065, Time: 00:11:22

Health: -6/37      AC:  6    Str: 15    XL:     4   Next: 14%
Magic:  4/4        EV: 11    Int: 13    God:    Xom [..*...]
Gold:   121        SH:  0    Dex: 12    Spells: 3/3 levels left

rFire   . . .      SeeInvis .   a - +0 short sword (chaos)
rCold   . . .      Faith    .   (no shield)
rNeg    . . .      Spirit   .   b - +2 leather armour
rPois   .          Reflect  .   (no helmet)
rElec   .          Harm     .   (no cloak)
rCorr   .          Rampage  .   e - +0 pair of gloves
Will    .....                   (no boots)
Stlth   +.........              (no amulet)
HPRegen 0.12/turn               (no ring)
MPRegen 0.09/turn               (no ring)

@: hasted, very quick
A: claws 1
a: Renounce Religion


You were on level 3 of the Dungeon.
You worshipped Xom.
You were a toy of Xom.
You visited 1 branch of the dungeon, and saw 3 of its levels.

You collected 121 gold pieces.

Inventory:

Hand Weapons
 a - a +0 short sword of chaos (weapon)
 k - a +1 short sword of electrocution
Missiles
 f - 18 stones
 n - 3 poisoned darts
Armour
 b - a +2 leather armour (worn)
 e - a +0 pair of gloves (worn)
 h - a +0 ring mail
Magical Staves
 l - a staff of poison
Potions
 d - a potion of brilliance
 g - a potion of ambrosia {unknown}
 i - 2 potions of haste
 j - a potion of cancellation
 m - 2 potions of lignification
Miscellaneous
 c - a piece from Xom's chessboard (15/15) (quivered)


   Skills:
 + Level 3.8 Fighting
 + Level 3.4 Short Blades
 + Level 2.2 Armour
 + Level 1.7 Dodging


You had 3 spell levels left.
You didn't know any spells.
Your spell library contained the following spells:

 Spells                   Type           Power      Damage    Failure   Level
 Call Canine Familiar     Summ           0%         N/A       75%         3
 Portal Projectile        Hex/Tloc       0%         N/A       75%         3
 Leda's Liquefaction      Hex/Erth       0%         N/A       98%         4


Dungeon Overview and Level Annotations

Branches:
Dungeon (3/15)

Altars:

Shops:
D:1 (


Innate Abilities, Weirdness & Mutations

You have sharp fingernails.


Message History

The giant cockroach is moderately wounded.
The giant cockroach seems to be having trouble coordinating all six of its legs.
You hit the giant cockroach but do no damage.
The giant cockroach changes into a shapeshifter!
The shapeshifter changes into a human!
You hit the human but do no damage.
The human seems to grow stronger.
The human hits you but does no damage.
You hit the human. You burn the human.
The human is lightly wounded.
Xom grants you a minor favour.
You feel much better. The human barely misses you.
You hit the human but do no damage.
The human is poisoned.
The human is lightly wounded.
You closely miss the human.
The human is lightly wounded.
The human hits you but does no damage.
You barely miss the human.
The human is lightly wounded.
The human closely misses you.
You hit the human but do no damage.
The human flickers and vanishes!
Deactivating autopickup; reactivate with Ctrl-A.
Xom thinks this is hilarious!
Something hits you!
You miss something. Something hits you.
You miss something. Your punch misses something. Something hits you.
You hit something but do no damage. Something hits you!
You hit something. Your punch misses something.
Something completely misses you.
You hit something. You burn something. Something hits you.
* * * LOW HITPOINT WARNING * * *
You closely miss something. Something hits you.
* * * LOW HITPOINT WARNING * * *
You feel much better. Something hits you!
You feel yourself speed up. Something hits you!
* * * LOW HITPOINT WARNING * * *
You closely miss something. You miss something. Something hits you!
* * * LOW HITPOINT WARNING * * *
You hit something. You burn something. Something hits you!
You die...

........###.####.
#.........†.#.......
#...........#...###.
#..#......#.#.......
#.(#...#............
#..##.#####.#.#####.
#..... #.#.# #.
#..{##### #.#.# #.
#..@^...###.#.# #.
#.#.###.......# #.
#...........### ##
###.######### # #.#
### #.# #.. #.# #.#
#.# #.# #.# #.#


There were no monsters in sight!

Vanquished Creatures
  A worm (D:2)
  2 dart slugs (D:1)
  7 ball pythons
  5 endoplasms
  A giant cockroach (D:1)
  8 goblins
  5 hobgoblins
  9 jackals
  7 kobolds
  A quokka (D:1)
  4 bats
  4 frilled lizards
  4 rats
58 creatures vanquished.

Notes
Turn   | Place    | Note
-------+----------+-------------------------------------------
     0 | D:1      | jiml777 the Demonspawn Chaos Knight began the quest for the
                  | Orb.
     0 | D:1      | Reached XP level 1. HP: 18/18 MP: 1/1
    42 | D:1      | Reached skill level 1 in Dodging
    97 | D:1      | Gained mutation: You have sharp fingernails. [demonic
                  | ancestry]
    97 | D:1      | Reached XP level 2. HP: 19/24 MP: 2/2
   158 | D:1      | Found Cepnaegh's Weapon Boutique.
   210 | D:1      | You fall into a shaft and drop 1 floor!
   308 | D:1      | XOM: silly message
   416 | D:1      | Found a faded altar of an unknown god.
   459 | D:1      | XOM: silly message
   469 | D:1      | Reached XP level 3. HP: 29/29 MP: 3/3
  1145 | D:2      | XOM: divination: detect items
  1646 | D:3      | Reached XP level 4. HP: 37/37 MP: 4/4
  2048 | D:3      | Noticed a shapeshifter
  2048 | D:3      | a giant cockroach changed into a shapeshifter
  2048 | D:3      | Noticed a human
  2048 | D:3      | a shapeshifter changed into a human
  2050 | D:3      | XOM: potion effect (heal wounds)
  2064 | D:3      | HP: 1/37 [something (10)]
  2065 | D:3      | Mangled by a human (shapeshifter)

Illustrated notes

Levels and vault maps discovered:
D:1:      minmay_arrival_nine_rooms, layout_loops_ring, serial_shops,
          nicolae_shop_crystal, basic_ecumenical_altar, minmay_octomino_j4
D:2:      layout_rooms
D:3:      layout_loops_ring, kennysheep_doodads

Skill      XL: |  1  2 |
---------------+-------+-----
Dodging        | 1 |  1.7
Short Blades   | 3 |  3.4
Armour         | 2 |  2.2
Fighting       | |  3.8

Action                   |  1- 3 |  4- 6 || total
-------------------------+-------+-------++-------
Melee: Short sword       |   170 |    44 ||   214
  Use: Scroll            |     8 |     1 ||     9
       Potion            |       |     2 ||     2
Armor: Leather armour    |    75 |    17 ||    92
Dodge: Dodged            |   110 |    20 ||   130
